 Dungeon Crawl Stone Soup version 0.31-a0-986-g5e6e4ef867 (webtiles) character file.

Game seed: 3460251217838616162

339 lunkers the Insei (level 7, -4/52 HPs)
             Began as a Meteoran Shapeshifter on Nov 8, 2023.
             Slain by an orc priest
             ... wielding a +0 morningstar
              (7 damage)
             ... on level 3 of the Dungeon.
             The game lasted 00:02:14 (1038 turns).

lunkers the Insei (Meteoran Shapeshifter)           Turns: 1038, Time: 00:02:15

Health: -4/52      AC:  4    Str: 15    XL:     7   Next: 11%
Magic:  8/8        EV: 13    Int: 11    God:
Gold:   175        SH:  0    Dex: 20    Spells: 6/6 levels left

rFire   . .          .
                       - Unarmed
rCold   . . .        (no shield)
rNeg    + . .        q - +2 robe "Okkios" {Dex+3}
rPois   .            (helmet currently unavailable)
rElec   .            (cloak currently unavailable)
rCorr   .            (gloves currently unavailable)
SInv    .            (boots currently unavailable)
Will    +....        (no amulet)
Stlth   +            m - ring of willpower
HPRegen 0.28/turn    i - ring of positive energy
MPRegen 0.11/turn

%: no passive effects
@: beast-form, glowing
A: beast (slay +3), sense surroundings 1, otherworldly, glowing, explore regen
a: Begin Untransformation


You were on level 3 of the Dungeon.
You were a hulking beast.
You visited 1 branch of the dungeon, and saw 3 of its levels.

You collected 175 gold pieces.

Inventory:

Armour
 a - a +0 animal skin
 f - a +0 pair of boots
 g - a +0 pair of gloves
 j - a +0 ring mail
 q - the +2 robe "Okkios" (worn) {Dex+3}
   (You found it on level 2 of the Dungeon)

   Dex+3:     It affects your dexterity (+3).
Jewellery
 i - a ring of positive energy (right hand)
 m - a ring of willpower (left hand)
 n - an amulet of regeneration
Talismans
 c - a beast talisman
 d - a flux talisman
Scrolls
 e - 3 scrolls of identify {unknown}
 h - a scroll of amnesia {unknown}
 l - a scroll of revelation {unknown}
 r - a scroll of blinking {unknown}
Potions
 b - a potion of lignification
 k - a potion of magic {unknown}
 o - a potion of curing {unknown}
 p - a potion of attraction {unknown}


   Skills:
 - Level 1.1 Fighting
 - Level 2.1 Dodging
 * Level 7.3 Unarmed Combat
 + Level 5.4 Shapeshifting


You had 6 spell levels left.
You didn't know any spells.
Your spell library contained the following spells:

 Spells                   Type           Power      Damage    Failure   Level
 Sublimation of Blood     Necr           0%         N/A       47%         2
 Wereblood                Tmut           0%         N/A       47%         2
 Ozocubu's Armour         Ice            0%         N/A       71%         3
 Stone Arrow              Conj/Erth      0%         3d7       71%         3
 Animate Armour           Summ/Erth      0%         N/A       98%         4
 Metabolic Englaciation   Hex/Ice        0%         N/A       100%        5
 Simulacrum               Ice/Necr       0%         N/A       100%        6
 Summon Hydra             Summ           0%         N/A       100%        7
 Lehudib's Crystal Spear  Conj/Erth      0%         10d2      100%        8


Dungeon Overview and Level Annotations

Branches:
Dungeon (3/15) Zot: 776

Altars:


Innate Abilities, Weirdness & Mutations

You are a hulking beast.
Your limbs bulge with bestial killing power. (Slay +3)
You passively map a small area around you.
You are easily found by Zot.
You glow in the dark.
You regain HP and MP as you explore.


Message History

The frilled lizard bites you but does no damage.
You barely miss the frilled lizard. The frilled lizard bites you.
* * * LOW HITPOINT WARNING * * *
You punch the frilled lizard!
You kill the frilled lizard!
You hit the orc.
The orc is severely wounded.
The orc priest begins to cast a cantrip, but forgets the words!
You punch the orc!
You kill the orc!
The orc priest begins to cast a cantrip, but forgets the words!
Items here: ( ))) [ †††.
You hit the orc priest but do no damage.
The orc priest barely misses you.
You hit the orc priest.
The orc priest is moderately wounded.
The orc priest hits you with a +0 morningstar!
* * * LOW HITPOINT WARNING * * *
You hit the orc priest.
The orc priest is heavily wounded.
The orc priest barely misses you.
You hit the orc priest but do no damage.
The orc priest is heavily wounded.
The orc priest looks braver for a moment.
You hit the orc priest.
The orc priest is almost dead.
The orc priest hits you with a +0 morningstar!
* * * LOW HITPOINT WARNING * * *
You barely miss the orc priest.
The orc priest is severely wounded.
An adder comes into view.
The orc priest hits you with a +0 morningstar.
* * * LOW HITPOINT WARNING * * *
You completely miss the orc priest.
The orc priest is severely wounded.
The adder hisses angrily.
You hit the orc priest.
The orc priest is almost dead.
The orc priest hits you with a +0 morningstar!
You die...

,. , '... * . ... ,,
, #. .S. , .##.#
#'#* .....##.#
###.....####### , ,
......o)....../ , ,
#h# * * ** * #.#
##### , ,
#.###...####### *
,,.##.............#
#.................#
,
#.....##..........#
.............).....#
,
.#....###..........#
#.... #...###'#####


You could see an orc priest and an adder.

Vanquished Creatures
  Grinder (D:3)
  A scorpion (D:3)
  An orc wizard (D:3)
  An adder (D:2)
  A worm (D:2)
  A dart slug (D:1)
  3 orcs (D:3)
  3 endoplasms (D:3)
  2 giant cockroaches
  5 goblins
  3 hobgoblins
  6 jackals
  4 kobolds
  2 quokkas
  4 ball pythons
  2 frilled lizards (D:3)
  A rat (D:2)
41 creatures vanquished.

Notes
Turn   | Place    | Note
-------+----------+-------------------------------------------
     0 | D:1      | lunkers the Meteoran Shapeshifter began the quest for the
                  | Orb.
     0 | D:1      | Reached XP level 1. HP: 16/16 MP: 2/2
    31 | D:1      | Reached skill level 4 in Unarmed Combat
    31 | D:1      | Reached XP level 2. HP: 16/23 MP: 3/3
    53 | D:1      | HP: 1/23 [constriction (1)]
    75 | D:1      | Found a faded altar of an unknown god.
   365 | D:2      | Reached XP level 3. HP: 16/28 MP: 4/4
   661 | D:2      | Reached XP level 4. HP: 35/35 MP: 5/5
   685 | D:2      | Identified the +2 robe "Okkios" {Dex+3}
   741 | D:3      | Noticed Grinder
   762 | D:3      | Killed Grinder
   763 | D:3      | Reached skill level 6 in Unarmed Combat
   763 | D:3      | Reached skill level 5 in Shapeshifting
   763 | D:3      | Reached XP level 5. HP: 14/40 MP: 6/6
   763 | D:3      | Reached XP level 6. HP: 16/47 MP: 7/7
   870 | D:3      | Reached skill level 7 in Unarmed Combat
   870 | D:3      | Reached XP level 7. HP: 41/52 MP: 8/8
  1038 | D:3      | Slain by an orc priest

Illustrated notes

Levels and vault maps discovered:
D:1:      tarquinn_simple_flora_water_f, layout_basic,
          hellmonk_ecumenical_altar_pennies_from_heaven, minmay_heptomino_l4
D:2:      layout_basic, minmay_vboxes
D:3:      layout_basic, skrybe_limestone_x, hangedman_decor_points, uniq_robin,
          uniq_grinder, uniq_terence

Skill      XL: |  1  2  3  4  5  6 |
---------------+-------------------+-----
Unarmed Combat | 4 6 7 |  7.3
Shapeshifting  | 4 5 |  5.4
Fighting       | |  1.1
Dodging        | |  2.1

Action                     |  1- 3 |  4- 6 |  7- 9 || total
---------------------------+-------+-------+-------++-------
  Melee: Unarmed           |    73 |    40 |    46 ||   159
         Punch             |     2 |       |     3 ||     5
 Armour: Animal skin       |    39 |       |       ||    39
         Ring mail         |    14 |     4 |       ||    18
         Robe              |       |    13 |    15 ||    28
  Dodge: Dodged            |    43 |    16 |    17 ||    76

Table legend: (Time is in decaauts)
 A = Elapsed time spent in this place.
 B = Non-inter-level travel time spent in this place.
 C = Inter-level travel time spent in this place.
 D = Time resting spent in this place.
 E = Time spent auto-exploring this place.
 F = Levels seen in this place.
 G = Mean time per level.
                   A        B        C        D        E       F      G
               +--------+--------+--------+--------+--------+-----+--------+
         Total |   1023 |    980 |     43 |      0 |    621 |   3 |  341.0 |
       Dungeon |   1023 |    980 |     43 |      0 |    621 |   3 |  341.0 |
               +--------+--------+--------+--------+--------+-----+--------+

Top non-repeatable levels by time:
     D:2: 372 daAuts
     D:1: 355 daAuts
     D:3: 295 daAuts
